 Dungeon Crawl Stone Soup version 0.21-a0-496-g696f58f (webtiles) character file.

1060 tof the Ruffian (level 8, 0/79 HPs)
             Began as a Troll Berserker on Nov 23, 2017.
             Was an Elder of Trog.
             Slain by a gnoll
             ... wielding the +4 quarterstaff of Currency {chaos, Int+3}
              (11 damage)
             ... on level 5 of the Dungeon.
             The game lasted 00:05:44 (3814 turns).

tof the Ruffian (Troll Berserker)                   Turns: 3814, Time: 00:05:44

Health: 0/79       AC:  5    Str: 26    XL:     8   Next: 6%
Magic:  7/7        EV: 11    Int:  4    God:    Trog [****..]
Gold:   250        SH:  0    Dex: 10    Spells: 7/7 levels left

rFire    . . .     SeeInvis .     - Unarmed
rCold    . . .     Gourm    +   (no shield)
rNeg     . . .     Faith    .   a - +0 animal skin
rPois    .         Spirit   .   (helmet restricted)
rElec    .         Reflect  .   (no cloak)
rCorr    +         Harm     .   (gloves unavailable)
MR       ++...                  (boots unavailable)
Stlth    +.........             c - amulet of inaccuracy (curse)
HPRegen  1.63/turn              o - ring of resist corrosion
MPRegen  0.10/turn              (no ring)

@: regenerating
A: large, unfitting armour, claws 3, fast metabolism 3, gourmand, regeneration
1, shaggy fur 1, tough skin 2
a: Berserk, Trog's Hand, Brothers in Arms, Burn Spellbooks, Renounce Religion


You were on level 5 of the Dungeon.
You worshipped Trog.
Trog was greatly pleased with you.
You were completely stuffed.

You visited 1 branch of the dungeon, and saw 5 of its levels.

You collected 250 gold pieces.

Inventory:

Armour
 a - a +0 animal skin (worn)
Jewellery
 c - a cursed amulet of inaccuracy (around neck)
 i - a +2 amulet of reflection
 o - a ring of resist corrosion (left claw)
Wands
 f - a wand of flame (24)
 u - a wand of acid (12)
Scrolls
 d - 3 scrolls of teleportation {unknown}
 h - a scroll of remove curse {unknown}
 j - a scroll of enchant armour {unknown}
 l - 2 scrolls of random uselessness {unknown}
 p - 2 scrolls of identify {unknown}
 q - a scroll of noise {unknown}
 t - a scroll of immolation {unknown}
Potions
 e - 5 potions of mutation {unknown}
 g - 2 potions of agility {unknown}
 k - 2 potions of curing {unknown}
 m - a potion of degeneration {unknown}
 n - 2 potions of invisibility {unknown}
 s - a potion of ambrosia {unknown}
Comestibles
 b - 3 bread rations
 r - 4 chunks of flesh


   Skills:
 + Level 4.6 Fighting
 + Level 4.5 Dodging
 * Level 7.3 Unarmed Combat


You had 7 spell levels left.
You didn't know any spells.

Dungeon Overview and Level Annotations

Branches:
Dungeon (5/15)             Temple (0/1) D:4

Altars:
Ashenzari
Hepliaklqana
Nemelex Xobeh
Sif Muna
Trog
Vehumet
Xom
Yredelemnul


Innate Abilities, Weirdness & Mutations

You are too large for most types of armour.
You have claws for hands.
Your metabolism is lightning-fast.
You like to eat raw meat.
Your natural rate of healing is unusually fast.
You are covered in fur. (AC +1)
You have very tough skin. (AC +2)


Message History

You closely miss the gnoll.
The gnoll hits you with a translucent quarterstaff {chaos}!
Space warps horribly around you!
* * * LOW HITPOINT WARNING * * *
You claw the gnoll! Your claw misses the gnoll.
The gnoll is heavily wounded.
The gnoll hits you with a translucent quarterstaff {chaos}!
* * * LOW HITPOINT WARNING * * *
The gnoll burns you.
* * * LOW HITPOINT WARNING * * *
You miss the gnoll.
The gnoll is heavily wounded.
The gnoll hits you but does no damage.
You closely miss the gnoll.
The gnoll is heavily wounded.
Your skin crawls.
You feel resistant to hostile enchantments.
You feel somewhat less full.
The gnoll hits you with a translucent quarterstaff {chaos}!
You die...

#..##.....## #.
##.####.####.#
#.
#.....(.(....#
#.
###...#....#####
#. ......#....#
###. #....###
#... # ##))...#
#...
....####..##.#
####
.....Sg@...#.#
.....###)..# #
... .#..# .
#....# ###.##
.>. ... #..


You could see a gnoll and a ball python.

Vanquished Creatures
  A phantom (D:4)
  An ogre (D:4)
  2 eyes of draining (D:3)
  A centaur (D:5)
  A bullfrog (D:5)
  A howler monkey (D:5)
  A bullfrog skeleton (D:4)
  A hound (D:4)
  3 orc priests
  3 orc wizards (D:5)
  Jessica (D:3)
  Terence (D:3)
  A worker ant (D:5)
  A hound zombie (D:5)
  5 adders
  3 gnolls (D:5)
  An ooze (D:2)
  A worm (D:4)
  4 dart slugs
  A leopard gecko (D:1)
  17 orcs
  3 ball pythons
  9 bats
  5 giant cockroaches
  6 goblins
  7 hobgoblins
  13 jackals
  10 kobolds
  4 quokkas
  2 frilled lizards
  5 rats
115 creatures vanquished.

Notes
Turn   | Place    | Note
-------+----------+-------------------------------------------
     0 | D:1      | tof the Troll Berserker began the quest for the Orb.
     0 | D:1      | Reached XP level 1. HP: 22/22 MP: 0/0
   107 | D:1      | You fall through a shaft!
   124 | D:1      | Reached XP level 2. HP: 29/29 MP: 1/1
   377 | D:1      | Reached ** piety under Trog
   477 | D:1      | Reached XP level 3. HP: 36/36 MP: 2/2
   607 | D:1      | Found a radiant altar of Vehumet.
   609 | D:1      | Found a blossoming altar of Fedhas.
   609 | D:1      | Found a basalt altar of Yredelemnul.
   611 | D:1      | Found a shimmering altar of Xom.
   611 | D:1      | Found a deep blue altar of Sif Muna.
   611 | D:1      | Found a shattered altar of Ashenzari.
  1002 | D:2      | Reached skill level 4 in Unarmed Combat
  1257 | D:2      | Reached XP level 4. HP: 44/44 MP: 3/3
  1677 | D:3      | Noticed Jessica
  1706 | D:3      | Reached *** piety under Trog
  1708 | D:3      | Noticed Terence
  1724 | D:3      | Killed Terence
  1724 | D:3      | Reached XP level 5. HP: 32/53 MP: 4/4
  1731 | D:3      | Killed Jessica
  1740 | D:3      | HP: 2/53 [orc priest/flail (6)]
  1741 | D:3      | Reached skill level 5 in Unarmed Combat
  2226 | D:3      | Noticed an eye of draining
  2227 | D:3      | Noticed an eye of draining
  2227 | D:3      | Found a bloodstained altar of Trog.
  2249 | D:3      | Killed an eye of draining
  2249 | D:3      | Reached XP level 6. HP: 61/61 MP: 0/5
  2512 | D:4      | Found a radiant altar of Vehumet.
  2682 | D:4      | Found a staircase to the Ecumenical Temple.
  2787 | D:4      | Reached skill level 6 in Unarmed Combat
  2787 | D:4      | Reached XP level 7. HP: 68/68 MP: 6/6
  3203 | D:4      | Found a sparkling altar of Nemelex Xobeh.
  3431 | D:5      | Entered Level 5 of the Dungeon
  3477 | D:5      | Reached **** piety under Trog
  3706 | D:5      | Found a deep blue altar of Sif Muna.
  3732 | D:5      | Reached skill level 7 in Unarmed Combat
  3768 | D:5      | Found a hazy altar of Hepliaklqana.
  3801 | D:5      | Reached XP level 8. HP: 51/79 MP: 7/7
  3814 | D:5      | Identified the +4 quarterstaff of Currency {chaos, Int+3}
  3814 | D:5      | Slain by a gnoll

Vault maps used:
D:1:      nicolae_arrival_memento_mori, doesnt_xom_only_xom
D:2:      grunt_ministairs_4
D:3:      trog_eyes_of_draining, first_bread, uniq_terence, uniq_jessica
D:4:      vehumet_altar_wand_db, nemelex_xobeh_ov_fountains_minmay,
          temple_pool_b
D:5:      lemuel_round_altar, old_standard_altar, lemuel_round_altar,
          uniq_crazy_yiuf_cottage

Skill      XL: |  1  2  3  4  5  6  7 |
---------------+----------------------+-----
Unarmed Combat | 4 5 6 7 |  7.3
Fighting       | 3 4 |  4.6
Dodging        | 3 4 |  4.5

Action                   |  1- 3 |  4- 6 |  7- 9 || total
-------------------------+-------+-------+-------++-------
Melee: Unarmed           |   127 |   182 |   105 ||   414
       Punch             |     1 |     5 |       ||     6
Invok: Berserk           |       |     1 |       ||     1
       Trog's Hand       |       |     1 |     1 ||     2
 Stab: Sleeping          |     1 |       |       ||     1
  Eat: Chunk             |    17 |    15 |    10 ||    42
Armor: Animal skin       |    70 |    58 |    24 ||   152
Dodge: Dodged            |    86 |    88 |    46 ||   220

Table legend:
 A = Spawn XP
 B = Non-spawn XP
 C = Spawn XP percentage of total XP
 D = Spawn monster count
 E = Non-spawn monster count
 F = Spawn count percentage of total count
 G = Total turns spent on level
                    A         B        C        D         E        F      G
               +---------+---------+-------+---------+---------+-------+---------
         Total |       0 |    1515 |   0.0 |       0 |     115 |   0.0 |  3814
               +---------+---------+-------+---------+---------+-------+---------
           D:1 |       0 |      52 |   0.0 |       0 |      27 |   0.0 |   869
           D:2 |       0 |      53 |   0.0 |       0 |      20 |   0.0 |   746
           D:3 |       0 |     484 |   0.0 |       0 |      29 |   0.0 |   886
           D:4 |       0 |     397 |   0.0 |       0 |      16 |   0.0 |   930
           D:5 |       0 |     529 |   0.0 |       0 |      23 |   0.0 |   383
               +---------+---------+-------+---------+---------+-------+---------
